 Dungeon Crawl Stone Soup version 0.27.1-3-gb3d3a73c9e (webtiles) character file.

Game seed: 3808081532716174790

13594 Crownlay the Destroyer (level 11, 0/74 HPs)
             Began as a Red Draconian Conjurer on Oct 21, 2021.
             Was a Priest of Vehumet.
             Slain by Snorg (8 damage)
             ... on level 12 of the Dungeon.
             The game lasted 00:32:11 (13849 turns).

Crownlay the Destroyer (Red Draconian Conjurer)    Turns: 13849, Time: 00:32:11

Health: 0/74       AC:  9    Str: 10    XL:     11   Next: 77%
Magic:  3/25       EV: 12    Int: 24    God:    Vehumet [***...]
Gold:   134        SH:  5    Dex: 14    Spells: 13/30 levels left

rFire    + . .     SeeInvis .   E - +7 flail of Foul Odors {freeze, Dex+4}
rCold    . . .     Faith    .   k - +0 buckler
rNeg     . . .     Spirit   .   (armour unavailable)
rPois    .         Reflect  .   (helmet restricted)
rElec    .         Harm     .   l - +0 cloak
rCorr    .         Rampage  .   (no gloves)
Will     ++...                  w - +0 pair of boots
Stlth    ++........             K - amulet of regeneration
HPRegen  1.22/turn              n - ring of the Mage {Wiz Will++ Int+3}
MPRegen  0.19/turn              M - ring of wizardry

@: no status effects
A: breathe fire, AC +7, unfitting armour, fire resistance 1, cold-blooded
a: Breathe Fire, Renounce Religion


You were on level 12 of the Dungeon.
You worshipped Vehumet.
Vehumet was most pleased with you.
You visited 2 branches of the dungeon, and saw 13 of its levels.

You collected 702 gold pieces.
You spent 568 gold pieces at shops.

Inventory:

Hand Weapons
 E - the +7 flail of Foul Odors (weapon) {freeze, Dex+4}
   (You found it on level 6 of the Dungeon)

   It freezes those it strikes, dealing additional cold damage.
   It can also slow down cold-blooded creatures.
   Dex:       It affects your dexterity (+4).
Missiles
 b - 59 poisoned darts
 D - 3 throwing nets
Armour
 k - a +0 buckler (worn)
 l - a +0 cloak (worn)
 w - a +0 pair of boots (worn)
Magical Staves
 i - a staff of cold
 z - a staff of fire
Jewellery
 n - the ring of the Mage (left hand) {Wiz Will++ Int+3}
   (You bought it in a shop on level 7 of the Dungeon)

   [ring of wizardry]

   It improves your spell success rate.
   Int:       It affects your intelligence (+3).
   Will:      It greatly increases your willpower.
 C - a ring of resist corrosion
 K - an amulet of regeneration (around neck)
 M - a ring of wizardry (right hand)
Wands
 c - a wand of acid (3)
 t - a wand of iceblast (12)
 H - a wand of polymorph (9)
 I - a wand of mindburst (4)
Scrolls
 a - a scroll of amnesia {unknown}
 d - 4 scrolls of immolation
 h - 2 scrolls of magic mapping
 q - 5 scrolls of teleportation
 u - 2 scrolls of noise
 v - 6 scrolls of enchant weapon
 x - a scroll of fog {unknown}
 y - a scroll of torment {unknown}
 J - 2 scrolls of blinking
 L - a scroll of vulnerability {unknown}
Potions
 e - 2 potions of ambrosia
 f - 2 potions of magic {unknown}
 g - a potion of degeneration {unknown}
 j - 2 potions of haste
 m - 3 potions of lignification
 o - 2 potions of heal wounds {unknown}
 p - 6 potions of curing
 r - 3 potions of attraction {unknown}
 s - 2 potions of berserk rage {unknown}
 A - 4 potions of flight
 B - 3 potions of might
 F - a potion of cancellation {unknown}
 G - a potion of mutation {unknown}


   Skills:
 - Level 1.7 Dodging
 - Level 1.7 Stealth
 - Level 4.0 Shields
 - Level 10.0 Spellcasting
 + Level 14.3 Conjurations
 - Level 5.0 Summonings
 * Level 0.9 Earth Magic


You had 13 spell levels left.
You knew the following spells:

 Your Spells              Type           Power      Damage    Failure   Level
a - Magic Dart            Conj           100%       1d8       0%          1
b - Searing Ray           Conj           100%       3d7       0%          2
c - Orb of Destruction    Conj           34%        9d12      1%          7
d - Spellforged Servitor  Conj/Summ      28%        N/A       10%         7

Your spell library contained the following spells:

 Spells                   Type           Power      Damage    Failure   Level
 Mephitic Cloud           Conj/Pois/Air  35%        N/A       1%          3
 Animate Skeleton         Necr           24%        N/A       1%          1
 Apportation              Tloc           24%        N/A       1%          1
 Beastly Appendage        Tmut           24%        N/A       1%          1
 Corona                   Hex            13%        N/A       1%          1
 Sting                    Tmut/Pois      48%        1d5       1%          1
 Summon Small Mammal      Summ           100%       N/A       1%          1
 Poisonous Vapours        Pois/Air       24%        N/A       1%          2
 Dazzling Flash           Conj/Hex       92%        N/A       1%          3
 Inner Flame              Hex/Fire       12%        N/A       1%          3
 Stone Arrow              Conj/Erth      96%        3d13      1%          3
 Summon Guardian Golem    Hex/Summ       24%        N/A       1%          3
 Fulminant Prism          Conj/Hex       23%        3d13      1%          4
 Iskenderun's Mystic Bla  Conj/Tloc      46%        2d10      1%          4
 Blink                    Tloc           N/A        N/A       2%          2
 Wereblood                Tmut           12%        N/A       2%          2
 Bolt of Magma            Conj/Fire/Erth 18%        4d10      2%          5
 Lesser Beckoning         Tloc           6%         N/A       4%          3
 Spider Form              Tmut/Pois      6%         N/A       4%          3
 Olgreb's Toxic Radiance  Pois           12%        N/A       6%          4
 Petrify                  Tmut/Erth      14%        N/A       12%         4
 Cause Fear               Hex            6%         N/A       13%         4
 Manifold Assault         Tloc           12%        N/A       34%         5
 Metabolic Englaciation   Hex/Ice        6%         N/A       34%         5
 Statue Form              Tmut/Erth      9%         N/A       82%         6
 Discord                  Hex            6%         N/A       100%        8
 Shatter                  Erth           8%         3d10*     100%        9


Dungeon Overview and Level Annotations

Branches:
Dungeon (12/15)            Temple (1/1) D:6            Lair (0/6) D:10
    Orc: D:9-12

Altars:
Ashenzari
Cheibriados
Dithmenos
Elyvilon
Fedhas
Gozag
Hepliaklqana
Kikubaaqudgha
Makhleb
Nemelex Xobeh
Okawaru
Qazlal
Trog
Uskayaw
Vehumet
Xom
Yredelemnul
The Shining One

Shops:
D:4 *   D:7 =   D:8 (

Annotations:
D:9 exclusion: obsidian statue
D:12 Snorg


Innate Abilities, Weirdness & Mutations

You can breathe blasts of fire.
Your fiery red scales are hard. (AC +7)
You cannot fit into any form of body armour.
Your flesh is heat resistant. (rF+)
You are cold-blooded and may be slowed by cold attacks.


Message History

Snorg claws you but does no damage. You block Snorg's attack.
You block Snorg's attack. Snorg claws you! Snorg closely misses you.
You are too injured to fight recklessly!
Casting: Searing Ray (safe; 0% risk of failure)
Confirm with . or Enter, or press ? or * to list all spells.
The spell is quite dangerous to cast (10% risk of failure)!
Continue anyway?
You summon a servant imbued with your destructive magic!
Snorg bites you! Snorg claws you. x2
* * * LOW HITPOINT WARNING * * *
Casting: Spellforged Servitor (quite dangerous; 10% risk of failure)
Confirm with . or Enter, or press ? or * to list all spells.
Aiming: Orb of Destruction (dangerous; 1% risk of failure)
Press: ? - help, Shift-Dir - straight line, f/p - Snorg
Aim: Snorg (heavily wounded, ally target) Really fire in your spellforged servitor's direction?
The wavering orb of destruction weakly hits Snorg!!
Snorg is almost dead.
Snorg closely misses you. Snorg barely misses you. x2
Casting: Orb of Destruction (dangerous; 1% risk of failure)
Confirm with . or Enter, or press ? or * to list all spells.
You don't have enough magic to cast this spell.
Snorg is nearby!
What are your orders? t - Shout!
Orders for allies: a - Attack new target. p - Attack previous target. r - Retreat! s - Stop attacking. g - Guard the area. f - Follow me.
Anything else - Cancel.
Gang up on whom?
Press: ? - help, Dir - move target, f/p - Snorg
Aim: Snorg (almost dead, ally target) Attack!
Snorg goes berserk!
You closely miss Snorg.
Snorg is almost dead.
Snorg bites you!
* * * LOW HITPOINT WARNING * * *
Snorg claws you but does no damage. Snorg closely misses you. Snorg bites you.
* * * LOW HITPOINT WARNING * * *
Snorg misses you. Snorg claws you!
You die...

.########
.....8#.###.#
#...T.....# #@#
##### #
#.###...###.# #
#...........#
#.#####....#.#
#.####...### #
##.#......#.# .
........###.#
#################.#
.#
#.................#
.#


You could see Snorg (berserk, ally target) and a friendly spellforged servitor
(summoned).

Vanquished Creatures
  A hydra (D:11)
  Erolcha (D:11)
  3 two-headed ogres
  A wizard (D:10)
  An elephant (D:10)
  A gargoyle (D:10)
  2 kobold demonologists (D:11)
  3 trolls (D:11)
  2 shadows
  3 wraiths (D:10)
  A wyvern (D:10)
  2 basilisks
  9 yaks
  Duvessa (D:5)
  3 water moccasins
  3 black bears
  4 orc warriors
  5 sky beasts
  2 ice beasts
  2 ogres (D:4)
  A necrophage (D:6)
  A phantom (D:7)
  10 centaurs
  A kobold brigand (D:11)
  3 bullfrogs
  A wyvern zombie (D:8)
  4 scorpions
  Dowan (D:5)
  7 wights
  2 jellies (D:4)
  A crimson imp (D:10)
  A bullfrog zombie (D:5)
  A centaur skeleton (D:6)
  2 orc priests
  3 centaur zombies
  3 hounds
  A bullfrog skeleton (D:6)
  2 gnoll shamans
  An iron imp (D:9)
  A scorpion zombie (D:5)
  2 iguanas
  8 orc wizards
  A killer bee zombie (D:7)
  16 gnolls
  15 adders
  A white imp (D:6)
  An ufetubus (D:6)
  2 adder skeletons (D:4)
  A worm (D:3)
  3 dart slugs
  31 orcs
  9 bats
  3 endoplasms
  A giant cockroach (D:1)
  7 goblins
  3 hobgoblins
  7 quokkas
  11 ball pythons
  A ball python skeleton (D:2)
  4 frilled lizards
  9 kobolds
  8 rats
  A spectral kobold (D:2)
242 creatures vanquished.

Vanquished Creatures (collateral kills)
  A cyclops (D:12)
1 creature vanquished.

Grand Total: 243 creatures vanquished

Notes
Turn   | Place    | Note
-------+----------+-------------------------------------------
     0 | D:1      | Crownlay the Draconian Conjurer began the quest for the
                  | Orb.
     0 | D:1      | Reached XP level 1. HP: 14/14 MP: 3/3
   563 | D:1      | Reached XP level 2. HP: 20/20 MP: 3/5
  1066 | D:1      | Reached XP level 3. HP: 26/26 MP: 3/6
  1648 | D:2      | Reached skill level 5 in Conjurations
  1813 | D:2      | Reached XP level 4. HP: 33/33 MP: 4/8
  1926 | D:2      | Learned a level 2 spell: Searing Ray
  2095 | D:2      | Found a faded altar of an unknown god.
  2582 | D:3      | Reached skill level 1 in Shields
  3068 | D:3      | Reached XP level 5. HP: 38/38 MP: 6/9
  3307 | D:3      | Noticed a sky beast
  3350 | D:3      | Killed a sky beast
  3351 | D:3      | Reached XP level 6. HP: 24/45 MP: 1/10
  3913 | D:4      | Reached skill level 6 in Conjurations
  4440 | D:4      | Your scales start taking on a fiery red colour.
  4440 | D:4      | Reached XP level 7. HP: 50/50 MP: 8/12
  4440 | D:4      | Gained mutation: Your flesh is heat resistant. (rF+) [Red
                  | Draconian growth]
  4587 | D:4      | Found Hoapse's Serpentskin Sales.
  4971 | D:5      | Entered Level 5 of the Dungeon
  5076 | D:5      | Noticed Duvessa
  5089 | D:5      | Noticed Dowan
  5093 | D:5      | Killed Duvessa
  5094 | D:5      | Reached skill level 7 in Conjurations
  5106 | D:5      | Killed Dowan
  5520 | D:5      | Reached XP level 8. HP: 57/57 MP: 12/15
  5713 | D:5      | Reached skill level 8 in Conjurations
  5965 | D:5      | Found a bloodstained altar of Trog.
  6116 | D:6      | Reached skill level 5 in Spellcasting
  6332 | D:6      | Reached skill level 9 in Conjurations
  6591 | D:6      | Found a staircase to the Ecumenical Temple.
  6597 | Temple   | Entered the Ecumenical Temple
  6685 | Temple   | Became a worshipper of Vehumet
  6770 | D:6      | Found a sparkling altar of Nemelex Xobeh.
  6954 | D:6      | Reached skill level 10 in Conjurations
  7305 | D:6      | Identified the +7 flail of Foul Odors {freeze, Dex+4}
  7369 | D:6      | Reached XP level 9. HP: 62/62 MP: 9/16
  7475 | D:6      | Identified the +4 kite shield "Xitakog" {-Cast rN+ Dex+4}
  7520 | D:6      | Reached * piety under Vehumet
  7520 | D:6      | Offered knowledge of Foxfire by Vehumet.
  7759 | D:7      | Found Inlov's Jewellery Emporium.
  8083 | D:7      | Reached skill level 11 in Conjurations
  9308 | D:8      | Found Heatrorr's Weapon Emporium.
  9326 | D:8      | Reached skill level 12 in Conjurations
  9336 | D:8      | Reached ** piety under Vehumet
  9336 | D:8      | Offered knowledge of Shock by Vehumet.
  9917 | D:9      | Identified the +4 scale mail "Xicoa" {rElec Str+3 Dex-4}
  9920 | D:9      | Reached XP level 10. HP: 69/69 MP: 12/20
 10466 | D:9      | Found a snail-covered altar of Cheibriados.
 10484 | D:9      | Noticed a two-headed ogre
 10491 | D:9      | Killed a two-headed ogre
 10697 | D:9      | Noticed an obsidian statue
 10855 | D:10     | Entered Level 10 of the Dungeon
 11146 | D:10     | Noticed a gargoyle
 11148 | D:10     | Killed a gargoyle
 11149 | D:10     | Reached skill level 13 in Conjurations
 11271 | D:10     | Noticed a two-headed ogre
 11278 | D:10     | Killed a two-headed ogre
 11318 | D:10     | Found a staircase to the Lair.
 11319 | D:10     | Noticed an elephant
 11581 | D:10     | Found a broken altar of Ashenzari.
 11642 | D:10     | Noticed a wizard
 11654 | D:10     | Killed a wizard
 11776 | D:10     | Killed an elephant
 11776 | D:10     | Offered knowledge of Mephitic Cloud by Vehumet.
 11777 | D:10     | Reached XP level 11. HP: 61/74 MP: 5/23
 12032 | D:10     | Found a shimmering altar of Xom.
 12176 | D:10     | Learned a level 7 spell: Orb of Destruction
 12217 | D:11     | Found a stormy altar of Qazlal.
 12313 | D:11     | Reached skill level 14 in Conjurations
 12530 | D:7      | Bought the ring of the Mage {Wiz Will++ Int+3} for 568 gold
                  | pieces
 12530 | D:7      | Found the ring of the Mage {Wiz Will++ Int+3}
 12541 | D:7      | Learned a level 7 spell: Spellforged Servitor
 12673 | D:11     | Noticed a two-headed ogre
 12682 | D:11     | Killed a two-headed ogre
 12943 | D:11     | Reached skill level 10 in Spellcasting
 12943 | D:11     | Reached skill level 1 in Summonings
 12951 | D:11     | Noticed a four-headed hydra
 13112 | D:11     | Reached *** piety under Vehumet
 13216 | D:11     | Killed a four-headed hydra
 13344 | D:11     | Noticed Erolcha
 13387 | D:11     | Killed Erolcha
 13562 | D:11     | Reached skill level 5 in Summonings
 13815 | D:12     | Noticed a six-headed hydra
 13834 | D:12     | Noticed Snorg
 13849 | D:12     | Slain by Snorg

Illustrated notes

Levels and vault maps discovered:
D:1:      onia_arrival_pyramid, layout_loops_ring, st_stairs_12,
          minmay_pentomino_v2
D:2:      layout_rooms, serial_curves, eino_curves_01, eino_curves_04,
          dreamdust_ecumenical_altar_drowned_temple, grunt_ministairs_11,
          hangedman_decor_growths, minmay_vboxes
D:3:      layout_loops_ring, kennysheep_generic_room_2
D:4:      layout_basic, guppyfry_shop_venom
D:5:      layout_cave_pools, mainiacjoe_overflow_six_doors_small,
          serial_column_ruins, column_ruins_hut_ruined,
          column_ruins_corridor_plus, column_ruins_corridor_straight,
          column_ruins_open_small, column_ruins_grid_3, column_ruins_open_small,
          column_ruins_grid_1, column_ruins_grid_3, kennysheep_generic_room_11,
          uniq_duvessa
D:6:      layout_gridville, nemelex_xobeh_ov_fountains_minmay,
          minmay_temple_entry_wispy, st_stairs_12, minmay_bent
D:7:      layout_gridville, serial_shops, shop, chequers_serial_rivers_small_b
D:8:      layout_cave_pools, serial_shops, nicolae_shop_crystal
D:9:      layout_cave_pools, slow_altar_1, kennysheep_crisscross,
          minmay_protected_statue
D:10:     layout_roguey, lemuel_coloured_pillars_altar,
          nicolae_ashenzari_skybound, david_lair_generic,
          minmay_misc_feat_tower, lightli_wizard_tower
D:11:     layout_roguey, grunt_qazlal_clouds, uniq_erolcha
D:12:     wad_guarded_room, layout_loops_ring, erik_orc_1,
          hangedman_abyss_or_decor_clamps, laboratory, uniq_snorg, uniq_fannar,
          uniq_jorgrun
Temple:   minmay_crystal_spiral_temple

Skill      XL: |  1  2  3  4  5  6  7  8  9 10 11 |
---------------+----------------------------------+-----
Conjurations   | 5 6 7 10 12 13 14 | 14.3
Shields        | 2 4 |  4.0
Spellcasting   | 3 4 5 6 8 10 | 10.0
Summonings     | 5 |  5.0
Dodging        | |  1.7
Stealth        | |  1.7
Earth Magic    | |  0.9

Action                   |  1- 3 |  4- 6 |  7- 9 | 10-12 || total
-------------------------+-------+-------+-------+-------++-------
Melee: Dagger            |    12 |    23 |     8 |       ||    43
       Tailslap          |     1 |     2 |     2 |       ||     5
       Flail             |       |       |     4 |    11 ||    15
Throw: Dart              |     5 |       |       |       ||     5
 Cast: Magic Dart        |    78 |    78 |   124 |    36 ||   316
       Searing Ray       |       |     6 |    71 |    57 ||   134
       Spellforged Servi |       |       |       |     6 ||     6
       Orb of Destructio |       |       |       |     4 ||     4
 Abil: Breathe Fire      |       |       |     2 |       ||     2
Evoke: Wand              |       |       |       |     1 ||     1
  Use: Scroll            |       |     4 |     2 |     6 ||    12
       Potion            |       |       |       |     1 ||     1
Armor: Skin              |     9 |    22 |    13 |    28 ||    72
Dodge: Dodged            |    31 |    30 |    65 |    66 ||   192
Block: Buckler           |       |     1 |    20 |    29 ||    50
